 Dungeon Crawl Stone Soup version 0.30-a0-365-ge7f957f1db (webtiles) character file.

Game seed: 7866355557624442625

601 iguanaiguana the Magician (level 8, -1/52 (57) HPs)
             Began as a Meteoran Fire Elementalist on Nov 17, 2022.
             Was a Priest of Vehumet.
             Slain by a centaur
             ... wielding the +5 dagger of Theory {drain, rPois}
              (9 damage)
             ... on level 5 of the Dungeon.
             The game lasted 00:15:35 (1676 turns).

iguanaiguana the Magician (MeFE)                    Turns: 1676, Time: 00:15:35

HP:   -1/52 (57)    AC:  3    Str: 11    XL:     8   Next: 1%
MP:   12/20         EV: 12    Int: 18    God:    Vehumet [***...]
Gold: 155           SH:  0    Dex: 14    Spells: 15/21 levels left

rFire   . . .      SeeInvis .    o - +1 whip (elec)
rCold   . . .      Faith    .    (no shield)
rNeg    . . .      Spirit   .    a - +0 robe
rPois   .          Reflect  .    (no helmet)
rElec   .          Harm     .    g - +0 cloak
rCorr   .          Rampage  .    (no gloves)
Will    +....                    (no boots)
Stlth   +.........               (no amulet)
HPRegen 0.28/turn                (no ring)
MPRegen 0.17/turn                (no ring)

@: glowing, drained
A: sense surroundings 1, otherworldly, glowing, explore regen
a: Renounce Religion


You were on level 5 of the Dungeon.
You worshipped Vehumet.
Vehumet was most pleased with you.
You visited 1 branch of the dungeon, and saw 5 of its levels.

You collected 155 gold pieces.

Inventory:

Hand Weapons
 o - a +1 whip of electrocution (weapon)
Missiles
 e - 2 poisoned darts
 u - 4 boomerangs of dispersal
Armour
 a - a +0 robe (worn)
 g - a +0 cloak (worn)
 r - a +0 pair of gloves
Magical Staves
 k - a staff of death
Jewellery
 p - an amulet of regeneration
Wands
 x - a wand of digging (3) {@v3}
Scrolls
 f - 7 scrolls of identify {unknown}
 i - 2 scrolls of teleportation {unknown}
 j - a scroll of silence {unknown}
 l - 2 scrolls of enchant armour {unknown}
 m - a scroll of vulnerability {unknown}
 n - a scroll of amnesia {unknown}
 q - a scroll of poison {unknown}
 y - a scroll of blinking {unknown}
Potions
 b - a potion of magic
 c - 2 potions of flight {unknown}
 d - a potion of haste {unknown}
 h - a potion of attraction {unknown}
 s - a potion of curing {unknown}
 t - a potion of resistance {unknown}
 v - a potion of might {unknown}
 w - a potion of heal wounds {unknown}
 z - a potion of invisibility {unknown}


   Skills:
 - Level 2.7 Dodging
 - Level 1.6 Stealth
 + Level 7.3 Spellcasting
 - Level 1.7 Conjurations
 - Level 3.0 Hexes
 - Level 6.0 Fire Magic


You had 15 spell levels left.
You knew the following spells:

 Your Spells              Type           Power      Damage    Failure   Level
a - Foxfire               Conj/Fire      80%        2x1d8     1%          1
b - Scorch                Fire           56%        2d8       1%          2
c - Inner Flame           Hex/Fire       22%        N/A       1%          3

Your spell library contained the following spells:

 Spells                   Type           Power      Damage    Failure   Level
 Poisonous Vapours        Pois/Air       12%        N/A       4%          2
 Static Discharge         Conj/Air       18%        2-3/arc   3%          2
 Ignite Poison            Fire/Tmut/Pois 13%        N/A       4%          3
 Kindle Blastsparks       Fire/Tloc/Air  26%        2d12      4%          3
 Flame Wave               Conj/Fire      20%        2d7       6%          4
 Sublimation of Blood     Necr           6%         N/A       16%         2
 Wereblood                Tmut           6%         N/A       16%         2
 Portal Projectile        Hex/Tloc       24%        N/A       17%         3
 Call Canine Familiar     Summ           6%         N/A       30%         3
 Gell's Gravitas          Tloc           6%         N/A       30%         3
 Teleport Other           Tloc           6%         N/A       30%         3
 Vhi's Electric Charge    Tloc/Air       12%        N/A       30%         3
 Arcjolt                  Conj/Air       4%         1d14      45%         5
 Lightning Bolt           Conj/Air       4%         1d16      45%         5
 Freezing Cloud           Conj/Ice/Air   4%         6-21      47%         5
 Leda's Liquefaction      Hex/Erth       6%         N/A       50%         4
 Summon Mana Viper        Hex/Summ       12%        N/A       83%         5
 Alistair's Intoxication  Tmut/Pois      4%         N/A       96%         5
 Dispersal                Tloc           3%         N/A       100%        6
 Summon Hydra             Summ           3%         N/A       100%        7


Dungeon Overview and Level Annotations

Branches:
Dungeon (5/15) Zot: 1319
 Temple: D:4-7

Altars:
Kikubaaqudgha
Nemelex Xobeh
Trog
Vehumet

Shops:
D:2 (


Innate Abilities, Weirdness & Mutations

You passively map a small area around you.
You are easily found by Zot.
You glow in the dark.
You regain HP and MP as you explore.


Message History

You feel drained. The centaur kicks you.
Casting: Scorch (safe; 1% risk of failure)
Confirm with . or Enter, or press ? or * to list all spells.
Flames lash the centaur.
The centaur is burned terribly!
The centaur is moderately wounded.
The centaur hits you with the +5 dagger of Theory {drain, rPois}!
* * * LOW HITPOINT WARNING * * *
You feel drained.
* * * LOW HITPOINT WARNING * * *
The centaur kicks you.
* * * LOW HITPOINT WARNING * * *
Casting: Scorch (safe; 1% risk of failure)
Confirm with . or Enter, or press ? or * to list all spells.
Flames lash the centaur.
The centaur is moderately wounded.
The centaur zaps a wand.
You suddenly lose the ability to move!
The centaur hits you with the +5 dagger of Theory {drain, rPois}.
* * * LOW HITPOINT WARNING * * *
You feel drained.
* * * LOW HITPOINT WARNING * * *
The centaur kicks you.
* * * LOW HITPOINT WARNING * * *
The centaur hits you with the +5 dagger of Theory {drain, rPois}.
* * * LOW HITPOINT WARNING * * *
You feel drained.
* * * LOW HITPOINT WARNING * * *
The centaur kicks you.
* * * LOW HITPOINT WARNING * * *
You can move again.
Unknown command.
Okay, then.
Okay, then.
Okay, then.
Okay, then.
Casting: Scorch (safe; 1% risk of failure)
Confirm with . or Enter, or press ? or * to list all spells.
Flames lash the centaur.
The centaur is burned terribly!
The centaur is almost dead.
The centaur hits you with the +5 dagger of Theory {drain, rPois}!
You die...

,.. .####.# .. , ..
.....##....... , #.
#...........!..
.###.###..?..#........
.........$.# #.........
...........###.........#
...........##...........
........##..<...........
.......@###.............
.#....c###..#...........
...........###..........
>.##..###### #.........#
. #..#* ######.#.#.####
...., #........<...#
..... ...#..........#
.#._ * #.#..........# #
, #....<.......###


You could see a centaur (combustible).

Vanquished Creatures
  A black bear (D:4)
  A phantom (D:5)
  A bullfrog (D:4)
  A necrophage (D:4)
  A gnoll bouda (D:5)
  An orc priest (D:5)
  2 orc wizards
  8 gnolls
  2 adders
  A shadow imp (D:5)
  A worm (D:3)
  A dart slug (D:4)
  7 orcs
  4 bats
  10 endoplasms
  5 giant cockroaches
  6 goblins
  9 hobgoblins
  6 jackals
  4 quokkas
  3 ball pythons
  11 kobolds
  8 rats
94 creatures vanquished.

Vanquished Creatures (others)
  192 foxfires
192 creatures vanquished.

Grand Total: 286 creatures vanquished

Notes
Turn   | Place    | Note
-------+----------+-------------------------------------------
     0 | D:1      | iguanaiguana the Meteoran Fire Elementalist began the quest
                  | for the Orb.
     0 | D:1      | Reached XP level 1. HP: 14/14 MP: 5/5
    51 | D:1      | Reached XP level 2. HP: 8/20 MP: 2/6
   174 | D:1      | Reached skill level 3 in Spellcasting
   174 | D:1      | Reached XP level 3. HP: 24/26 MP: 0/8
   177 | D:1      | Learned a level 2 spell: Scorch
   403 | D:2      | Reached XP level 4. HP: 33/33 MP: 5/9
   439 | D:3      | Found a faded altar of an unknown god.
   546 | D:3      | Reached skill level 5 in Fire Magic
   582 | D:3      | Prayed at the altar of an unknown god.
   582 | D:3      | Became a worshipper of Vehumet
   582 | D:3      | Reached * piety under Vehumet
   582 | D:3      | Offered knowledge of Kiss of Death by Vehumet.
   682 | D:3      | Reached XP level 5. HP: 32/38 MP: 8/10
   926 | D:2      | Found Xaewing's Antique Weapon Emporium.
  1000 | D:2      | Offered knowledge of Searing Ray by Vehumet.
  1002 | D:2      | Reached skill level 1 in Hexes
  1082 | D:3      | Found an ancient bone altar of Kikubaaqudgha.
  1128 | D:4      | Reached ** piety under Vehumet
  1150 | D:5      | Entered Level 5 of the Dungeon
  1164 | D:4      | Reached XP level 6. HP: 36/45 MP: 7/11
  1213 | D:4      | Learned a level 3 spell: Inner Flame
  1242 | D:4      | Reached skill level 4 in Spellcasting
  1317 | D:4      | Noticed a black bear
  1325 | D:4      | Killed a black bear
  1326 | D:4      | Reached skill level 5 in Spellcasting
  1326 | D:4      | Reached XP level 7. HP: 41/50 MP: 7/16
  1370 | D:4      | Found a sparkling altar of Nemelex Xobeh.
  1382 | D:4      | Got Sif Muna's Writings on Pollution and Glamour
  1477 | D:4      | Offered knowledge of Poisonous Vapours by Vehumet.
  1570 | D:4      | Reached skill level 6 in Spellcasting
  1624 | D:5      | Reached skill level 7 in Spellcasting
  1641 | D:5      | Reached *** piety under Vehumet
  1647 | D:5      | Reached XP level 8. HP: 37/57 MP: 1/20
  1668 | D:5      | Identified the +5 dagger of Theory {drain, rPois}
  1671 | D:5      | Found a bloodstained altar of Trog.
  1674 | D:5      | Paralysed by a centaur for 2 turns
  1676 | D:5      | Slain by a centaur

Illustrated notes

Levels and vault maps discovered:
D:1:      minmay_arrival_wavy_path, layout_basic, st_stairs_4,
          amcnicky_mini_corridor_feature, feat_on_display
D:2:      layout_rooms, serial_shops, shop_statue
D:3:      layout_rooms, lemuel_doored_altar, ebering_ecumenical_altar_mist
D:4:      layout_loops_cross, nemelex_xobeh_ov_fountains_minmay,
          kennysheep_decorative_pillar, kennysheep_another_room
D:5:      layout_rooms, bloody_trog, minmay_temple_entry_ruins

Skill      XL: |  1  2  3  4  5  6  7 |
---------------+----------------------+-----
Spellcasting   | 3 5 7 |  7.3
Fire Magic     | 4 5 6 |  6.0
Hexes          | 2 3 |  3.0
Dodging        | |  2.7
Stealth        | |  1.6
Conjurations   | |  1.7

Action                   |  1- 3 |  4- 6 |  7- 9 || total
-------------------------+-------+-------+-------++-------
Melee: Unarmed           |     1 |       |       ||     1
       Staff             |       |     7 |       ||     7
       Whip              |       |     5 |       ||     5
 Cast: Foxfire           |    42 |    58 |     9 ||   109
       Scorch            |     3 |    22 |    24 ||    49
       Inner Flame       |       |       |     2 ||     2
  Use: Potion            |     1 |       |       ||     1
Armor: Robe              |    14 |    16 |     2 ||    32
Dodge: Dodged            |    24 |    35 |     9 ||    68

Table legend: (Time is in decaauts)
 A = Elapsed time spent in this place.
 B = Non-inter-level travel time spent in this place.
 C = Inter-level travel time spent in this place.
 D = Time resting spent in this place.
 E = Time spent auto-exploring this place.
 F = Levels seen in this place.
 G = Mean time per level.
                   A        B        C        D        E       F      G
               +--------+--------+--------+--------+--------+-----+--------+
         Total |   1679 |   1557 |    122 |      0 |      0 |   5 |  335.8 |
       Dungeon |   1679 |   1557 |    122 |      0 |      0 |   5 |  335.8 |
               +--------+--------+--------+--------+--------+-----+--------+

Top non-repeatable levels by time:
     D:1: 480 daAuts
     D:4: 452 daAuts
     D:2: 327 daAuts
     D:3: 322 daAuts
     D:5: 95 daAuts
